 Dungeon Crawl Stone Soup version 0.18.1-47-g9310371 (webtiles) character file.

47 Gargoyl the Skirmisher (level 3, 0/30 HPs)
             Began as a Demonspawn Abyssal Knight on June 19, 2016.
             Was a Follower of Lugonu.
             Slain by a white imp (2 damage)
             ... summoned by Natasha
             ... on level 2 of the Dungeon.
             The game lasted 00:02:15 (1335 turns).

Gargoyl the Skirmisher (Demonspawn Abyssal Knight)  Turns: 1335, Time: 00:02:16

Health: 0/30       AC:  8    Str: 13    XL:     3   Next: 48%
Magic:  5/5        EV:  6    Int: 13    God:    Lugonu [*.....]
Gold:   29         SH:  0    Dex: 12    Spells: 0 memorised, 2 levels left

rFire  . . .     SeeInvis .     a - +1 hand axe
rCold  . . .     Gourm    .     d - +0 chain mail
rNeg   . . .     Faith    .     (no shield)
rPois  .         Spirit   .     (no helmet)
rElec  .         Dismiss  .     (no cloak)
rCorr  .         Reflect  .     (no gloves)
SustAt .         Harm     .     (no boots)
MR     .....                    (no amulet)
Stlth  ..........               (no ring)
                                (no ring)

@: slowed, very slow, not resistant to hostile enchantments, extremely
unstealthy
A: hooves 1, rot immunity
a: Depart the Abyss, Renounce Religion


You were on level 2 of the Dungeon.
You worshipped Lugonu.
Lugonu was aware of your devotion.
You were not hungry.

You visited 1 branch of the dungeon, and saw 2 of its levels.
You visited the Abyss 1 time.

You collected 29 gold pieces.

Inventory:

Hand Weapons
 a - a +1 hand axe (weapon)
Armour
 d - a +0 chain mail (worn)
Scrolls
 e - a scroll of magic mapping {unknown}
 g - 4 scrolls of fog {unknown}
 h - a scroll of remove curse {unknown}
 i - a scroll of random uselessness {unknown}
 l - a scroll of teleportation {unknown}
Potions
 b - a potion of magic
 f - a potion of heal wounds {unknown}
 j - a potion of might {unknown}
 k - a potion of brilliance {unknown}
 m - 2 potions of agility {unknown}
Comestibles
 c - 2 bread rations
 n - a chunk of flesh


   Skills:
 + Level 3.7 Fighting
 + Level 2.0 Axes
 * Level 2.4 Armour
 + Level 1.1 Dodging
 + Level 2.7 Invocations


You had 2 spell levels left.
You didn't know any spells.

Dungeon Overview and Level Annotations

Branches:
Dungeon (2/15)

Altars:

Annotations:
D:2 Natasha


Innate Abilities, Weirdness & Mutations

You have large cloven feet.
You are immune to rotting.


Message History

You hit the giant cockroach.
The giant cockroach is lightly wounded.
You hit the white imp.
The white imp is lightly wounded.
The giant cockroach bites you but does no damage.
Natasha stares at you and mumbles some strange words.
You feel as though you will be slow longer.
The white imp barely misses you.
The giant cockroach bites you but does no damage.
Natasha completely misses you. The giant cockroach bites you.
The white imp hits you. The white imp freezes you.
* * * LOW HITPOINT WARNING * * *
Drink which item? (? for menu, Esc to quit)
It was a potion of magic.
Magic courses through your body. Natasha claws you.
* * * LOW HITPOINT WARNING * * *
The giant cockroach bites you but does no damage.
The white imp hits you.
* * * LOW HITPOINT WARNING * * *
The white imp freezes you.
You die...

...###. #
#.#.....# ....#
# #..#..#.#
.....#
..##....#.#####
.###...
#...##.........
## #..
####............
..
...##..........
..#.............
#..)..#†g.>.....
.##(..@s.......
#.....h#5..<#..#
..#.........##..
#...........# ##
..............
###............
#........###.
#.... ##..


You could see Natasha, a white imp, a giant cockroach and a hobgoblin.

Vanquished Creatures
  An adder (D:2)
  A dart slug (D:1)
  A giant gecko (D:2)
  4 bats
  A giant cockroach (D:1)
  8 goblins
  A hobgoblin (D:2)
  4 jackals (D:2)
  A quokka (D:2)
  5 kobolds (D:1)
  6 rats
33 creatures vanquished.

Notes
Turn   | Place    | Note
--------------------------------------------------------------
     0 | Abyss:1  | Gargoyl the Demonspawn Abyssal Knight began the quest for the Orb.
     0 | Abyss:1  | Reached XP level 1. HP: 18/18 MP: 2/2
    68 | Abyss:1  | Noticed a starcursed mass
    71 | D:1      | Escaped the Abyss
   259 | D:1      | Gained mutation: You are immune to rotting. [demonic ancestry]
   259 | D:1      | Reached XP level 2. HP: 23/24 MP: 3/3
   288 | D:1      | Reached * piety under Lugonu
   572 | D:1      | Reached skill level 1 in Dodging
  1114 | D:2      | Gained mutation: You have large cloven feet. [demonic ancestry]
  1114 | D:2      | Reached XP level 3. HP: 24/29 MP: 3/5
  1247 | D:2      | Found a faded altar to an unknown god.
  1326 | D:2      | Noticed Natasha
  1335 | D:2      | Slain by a white imp

Skill      XL: |  1  2 |
---------------+-------+-----
Axes           | 2 |  2.0
Armour         | 2 |  2.4
Dodging        | 1 |  1.1
Fighting       | |  3.7
Invocations    | |  2.7

Action                   || total
-------------------------++-------
Melee: Hand axe          ||    87
       Kick              ||     5
Invok: Depart the Abyss  ||     1
  Use: Potion            ||     1
  Eat: Chunk             ||     2
Armor: Chain mail        ||    81
Dodge: Dodged            ||    45
